 Seeded DCSS version 0.30-a0-881-g1ff12e1e11 (webtiles) character file.

Game seed: 20230314 (custom seed)

4857 bmack86 the Cleaver (level 10, -2/88 HPs)
             Began as a Minotaur Fighter on Mar 14, 2023.
             Was a Priest of Okawaru.
             Slain by an unseen horror (8 damage)
             ... on level 9 of the Dungeon.
             The game lasted 00:22:18 (9532 turns).

bmack86 the Cleaver (Minotaur Fighter)              Turns: 9532, Time: 00:22:19

Health: -2/88      AC: 18    Str: 25    XL:     10   Next: 25%
Magic:  12/12      EV:  6    Int:  5    God:    Okawaru [***...]
Gold:   504        SH: 15    Dex: 10    Spells: 9/9 levels left

rFire   . . .      SeeInvis .    r - +1 broad axe (flame)
rCold   . . .      Faith    .    B - +0 kite shield
rNeg    . . .      Spirit   .    C - +0 plate armour
rPois   .          Reflect  +    (helmet restricted)
rElec   .          Rampage  .    c - +0 cloak
rCorr   .                        (no gloves)
Will    +....                    n - +2 pair of boots Stlth
                                 f - amulet of reflection
HPRegen 0.34/turn                q - ring of willpower
MPRegen 0.13/turn                (no ring)

@: no status effects
A: horns 2, retaliatory headbutt
a: Renounce Religion, Heroism


You were on level 9 of the Dungeon.
You worshipped Okawaru.
Okawaru was most pleased with you.
You visited 2 branches of the dungeon, and saw 10 of its levels.
You also visited: Sewer and Ossuary.

You collected 504 gold pieces.

Inventory:

Hand Weapons
 a - a +1 war axe of venom
 i - a +3 heavy war axe
 r - a +1 broad axe of flaming (weapon)
Missiles
 d - 3 javelins
 l - 13 poisoned darts (quivered)
 A - a throwing net
Armour
 c - a +0 cloak (worn)
 n - a +2 pair of boots (worn)
 t - a +0 pair of gloves
 B - a +0 kite shield (worn)
 C - a +0 plate armour (worn)
Jewellery
 f - an amulet of reflection (around neck)
 q - a ring of willpower (left hand)
Wands
 b - a wand of digging (4)
Scrolls
 j - 5 scrolls of teleportation
 k - a scroll of fog
 p - 3 scrolls of fear
 u - a scroll of acquirement {unknown}
 y - a scroll of amnesia
Potions
 e - 9 potions of flight
 g - 2 potions of curing
 h - 2 potions of ambrosia
 m - 3 potions of attraction
 o - 3 potions of mutation
 s - 5 potions of heal wounds
 v - 2 potions of haste
 w - 3 potions of magic
 x - 2 potions of brilliance {unknown}
 z - a potion of lignification {unknown}
 D - a potion of might


   Skills:
 + Level 8.0 Fighting
 * Level 10.3 Axes
 + Level 5.5 Throwing
 + Level 8.1 Armour
 + Level 8.0 Shields
 + Level 4.2 Invocations


You had 9 spell levels left.
You didn't know any spells.
Your spell library contained the following spells:

 Spells                   Type           Power      Damage    Failure   Level
 Blink                    Tloc           0%         N/A       100%        2
 Lesser Beckoning         Tloc           0%         N/A       100%        2
 Momentum Strike          Conj/Tloc      0%         3d8       100%        2
 Gell's Gravitas          Tloc           0%         N/A       100%        3
 Teleport Other           Tloc           0%         N/A       100%        3
 Manifold Assault         Tloc           0%         N/A       100%        4
 Dispersal                Tloc           0%         N/A       100%        6
 Disjunction              Tloc           0%         N/A       100%        8


Dungeon Overview and Level Annotations

Branches:
Dungeon (9/15)             Temple (1/1) D:5           Sewer (visited)
Ossuary (visited)
   Lair: D:8-11         Orc: D:9-12

Altars:
Ashenzari
Cheibriados
Dithmenos
Elyvilon
Fedhas
Gozag
Kikubaaqudgha
Makhleb
Nemelex Xobeh
Okawaru
Qazlal
Ru
Sif Muna
Trog
Uskayaw
Vehumet
Wu Jian
Xom
Yredelemnul
Zin
The Shining One

Shops:
D:4 !   D:8 [

Annotations:
D:7 exclusion: statue


Innate Abilities, Weirdness & Mutations

You have a pair of horns on your head.
You reflexively headbutt those who attack you in melee.


Message History

Something hits you but does no damage. Something hits you but does no damage.
You closely miss something. Something hits you but does no damage.
Something hits you but does no damage.
Something hits you but does no damage. x2
You closely miss something.
Something hits you but does no damage. x2
You slash something! You burn something.
Something hits you but does no damage. x3
You hit something. You burn something. Your headbutt misses something.
Something hits you but does no damage. x2; You block something's attack.
You miss something. Something hits you!
* * * LOW HITPOINT WARNING * * *
You block something's attack. Something hits you but does no damage.
Something hits you.
* * * LOW HITPOINT WARNING * * *
You miss something. Your headbutt misses something.
You block something's attack. You block something's attack.
Things that are here:
a +0 whip; a gnoll corpse You block something's attack.
Things that are here:
a +0 spear; a gnoll corpse Something hits you but does no damage.
Items here: ) / [ †.
Something hits you!
* * * LOW HITPOINT WARNING * * *
Something completely misses you.
You see here a +0 halberd.
You closely miss something.
Something hits you but does no damage. x2
You block something's attack. Something hits you.
* * * LOW HITPOINT WARNING * * *
You block something's attack. Something hits you but does no damage.
You miss something. You block something's attack. Something hits you.
* * * LOW HITPOINT WARNING * * *
You slash something! You burn something. Your headbutt misses something.
Something hits you!
You die...

### +.# #. #.. ..# #.#
#.# ###.# #.# ###
#.#.##.####.##
#..<....)....##
.###########..####.....##
........@..))))....#..)..
............######.....##
.##########.# ##...## #.#
##.## #.########.#
#..........#
##.###.######### #.##
##.##...... #.# #.<..#


There were no monsters in sight!

Vanquished Creatures
  A two-headed ogre (D:5)
  Maggie (D:8)
  Prince Ribbit (D:8)
  2 wyverns
  3 water moccasins
  A sky beast (D:8)
  A black bear (D:7)
  2 ice beasts
  2 centaurs
  2 bullfrogs
  3 phantoms
  3 gnoll sergeants
  4 scorpions
  5 wights (D:8)
  3 howler monkeys (D:8)
  4 centaur zombies (Ossuary)
  4 crimson imps (D:7)
  3 hounds
  Crazy Yiuf (D:7)
  3 orc priests
  3 jellies
  2 sleepcaps
  An iguana (D:6)
  7 orc wizards
  Natasha (twice) (D:3)
  6 mummies (Ossuary)
  22 gnolls
  16 adders
  7 river rats
  3 shadow imps (D:7)
  2 white imps (D:7)
  An ufetubus (D:5)
  2 dart slugs
  7 worms
  25 orcs
  11 bats
  4 endoplasms
  9 giant cockroaches
  6 hobgoblins
  5 jackals
  A quokka (D:4)
  14 ball pythons
  6 frilled lizards
  A goblin (D:1)
  3 hobgoblin zombies (Ossuary)
  7 kobolds
  6 rats
228 creatures vanquished.

Vanquished Creatures (others)
  A gnoll (D:8)
1 creature vanquished.

Grand Total: 229 creatures vanquished

Notes
Turn   | Place    | Note
-------+----------+-------------------------------------------
     0 | D:1      | bmack86 the Minotaur Fighter began the quest for the Orb.
     0 | D:1      | Reached XP level 1. HP: 19/19 MP: 0/0
   270 | D:1      | Reached XP level 2. HP: 27/27 MP: 1/1
   491 | D:1      | Reached skill level 3 in Axes
   835 | D:2      | Reached XP level 3. HP: 30/33 MP: 2/2
  1220 | D:2      | Found an ancient bone altar of Kikubaaqudgha.
  1537 | D:2      | Reached skill level 1 in Throwing
  1552 | D:2      | Reached XP level 4. HP: 40/40 MP: 3/3
  1591 | D:2      | Found a faded altar of an unknown god.
  1788 | D:3      | Reached skill level 4 in Axes
  1856 | D:3      | Reached XP level 5. HP: 47/47 MP: 4/4
  1932 | D:3      | Noticed Natasha
  1940 | D:3      | Killed Natasha
  2451 | D:3      | Noticed a water moccasin
  2456 | D:3      | Noticed Natasha
  2466 | D:3      | Killed a water moccasin
  2467 | D:3      | Reached skill level 5 in Axes
  2467 | D:3      | Reached XP level 6. HP: 15/53 MP: 5/5
  2469 | D:3      | Killed Natasha
  2623 | D:3      | You fall into a shaft and drop 2 floors!
  2623 | D:5      | Entered Level 5 of the Dungeon
  2776 | D:5      | Noticed a water moccasin
  2781 | D:5      | Killed a water moccasin
  2782 | D:5      | Reached skill level 5 in Fighting
  2782 | D:5      | Reached skill level 5 in Armour
  2782 | D:5      | Reached skill level 5 in Shields
  2951 | D:4      | Reached XP level 7. HP: 59/61 MP: 6/6
  3054 | D:4      | Found a sand-covered staircase.
  3059 | Ossuary  | Entered an ossuary
  3092 | Ossuary  | Reached skill level 6 in Axes
  3389 | D:4      | Identified the +7 dagger of Okawaru's Reproof {freeze,
                  | rElec rF+ Str+4}
  3528 | D:4      | Found a glowing drain.
  3537 | Sewer    | Entered a sewer
  4509 | D:4      | Reached skill level 7 in Axes
  4509 | D:4      | Reached XP level 8. HP: 69/70 MP: 7/7
  4523 | D:4      | Found Zedd's Distillery.
  4584 | D:4      | Identified the +3 ring mail "Ihassim" {rN+}
  5270 | D:5      | Found a staircase to the Ecumenical Temple.
  5281 | Temple   | Entered the Ecumenical Temple
  5372 | Temple   | Became a worshipper of Warmaster Okawaru
  5618 | D:5      | Found a stormy altar of Qazlal.
  6288 | D:6      | Reached skill level 1 in Invocations
  6291 | D:6      | Noticed a two-headed ogre
  6306 | D:5      | Killed a two-headed ogre
  6306 | D:5      | Reached * piety under Okawaru
  6307 | D:5      | Reached skill level 8 in Axes
  6307 | D:5      | Reached XP level 9. HP: 14/78 MP: 9/9
  7072 | D:6      | Reached ** piety under Okawaru
  7080 | D:6      | Found a glowing golden altar of the Shining One.
  7248 | D:7      | Reached skill level 9 in Axes
  7354 | D:7      | Found a blossoming altar of Fedhas.
  7504 | D:7      | Found a hide-covered altar of Uskayaw.
  7667 | D:7      | Reached skill level 5 in Throwing
  7781 | D:7      | Found a runed translucent door.
  7782 | D:7      | Noticed Crazy Yiuf
  7853 | D:7      | Found a radiant altar of Vehumet.
  7954 | D:7      | Killed Crazy Yiuf
  8023 | D:8      | Noticed Prince Ribbit
  8045 | D:8      | Killed Prince Ribbit
  8051 | D:8      | Reached *** piety under Okawaru
  8056 | D:8      | Reached XP level 10. HP: 47/88 MP: 11/11
  8210 | D:8      | Reached skill level 10 in Axes
  8275 | D:8      | Found Eliho's Armour Emporium.
  8505 | D:8      | Noticed Maggie
  8520 | D:8      | Killed Maggie
  9532 | D:9      | Slain by an unseen horror

Illustrated notes

Levels and vault maps discovered:
D:1:      mushboom_english_gardens, layout_basic
D:2:      layout_loops_ring, basic_altar,
          hellmonk_ecumenical_altar_defaced_shrine
D:3:      layout_loops_corners, uniq_natasha
D:4:      layout_loops_ring, lightli_sewer_entry_pipes, serial_shops,
          nicolae_stop_n_shop_2, nicolae_ossuary_entry_false_entrances,
          minmay_strange_pillars
D:5:      layout_layer_cave, nicolae_qazlal_eye_of_the_storm,
          minmay_temple_entry_wispy
D:6:      layout_cave_pools, tso_metal_star
D:7:      layout_rooms, vehumet_statue, hangedman_feature_mirror,
          nicolae_lava_and_water, minmay_nine_imps, uniq_crazy_yiuf_cottage
D:8:      layout_rooms, serial_shops, nicolae_shop_hallway_stairs,
          serial_corexii_hall, corexii_hall_statues_s,
          chequers_hall_statues_corner_a, lemuel_flame_loot_1,
          uniq_prince_ribbit1, uniq_maggie
D:9:      layout_loops_ring, nicolae_overflow_two_pavilions, serial_rivers,
          chequers_serial_rivers_room_b, chequers_serial_rivers_micro_e,
          chequers_serial_rivers_room_b, chequers_serial_rivers_large_a,
          chequers_serial_rivers_marsh, chequers_serial_rivers_large_b,
          minmay_three_doors
Temple:   minmay_crystal_spiral_temple

Skill      XL: |  1  2  3  4  5  6  7  8  9 10 |
---------------+-------------------------------+-----
Axes           | 3 4 5 7 8 9 10 | 10.3
Fighting       | 4 5 6 7 8 |  8.0
Armour         | 4 5 6 7 8 |  8.1
Shields        | 4 5 6 7 8 |  8.0
Throwing       | 1 2 3 4 5 |  5.5
Invocations    | 2 3 4 |  4.2

Action                     |  1- 3 |  4- 6 |  7- 9 | 10-12 || total
---------------------------+-------+-------+-------+-------++-------
  Melee: War axe           |    81 |    80 |   348 |    20 ||   529
         Headbutt          |     3 |    12 |    56 |    11 ||    82
         Broad axe         |       |       |       |    31 ||    31
  Throw: Dart              |     4 |     5 |     3 |     4 ||    16
         Boomerang         |       |     2 |       |       ||     2
    Use: Scroll            |     2 |     4 |    17 |     1 ||    24
         Potion            |       |     1 |     1 |       ||     2
 Armour: Scale mail        |    31 |       |       |       ||    31
         Chain mail        |     3 |    45 |   162 |       ||   210
         Plate armour      |       |       |    36 |    50 ||    86
  Dodge: Dodged            |    38 |    26 |   100 |    16 ||   180
  Block: Buckler           |    59 |    53 |   177 |       ||   289
         Reflection        |     4 |     3 |     7 |     5 ||    19
         Kite shield       |       |       |    68 |    63 ||   131

Table legend: (Time is in decaauts)
 A = Elapsed time spent in this place.
 B = Non-inter-level travel time spent in this place.
 C = Inter-level travel time spent in this place.
 D = Time resting spent in this place.
 E = Time spent auto-exploring this place.
 F = Levels seen in this place.
 G = Mean time per level.
                   A        B        C        D        E       F      G
               +--------+--------+--------+--------+--------+-----+--------+
         Total |   9885 |   9194 |    691 |   1027 |   5291 |  12 |  823.8 |
       Dungeon |   8627 |   8019 |    608 |    885 |   4755 |   9 |  958.6 |
        Temple |    214 |    131 |     83 |      0 |    104 |   1 |  214.0 |
         Sewer |    784 |    784 |      0 |      0 |    431 |   1 |  784.0 |
       Ossuary |    259 |    259 |      0 |    142 |      0 |   1 |  259.0 |
               +--------+--------+--------+--------+--------+-----+--------+

Top non-repeatable levels by time:
     D:5: 1493 daAuts
     D:3: 1187 daAuts
     D:4: 1181 daAuts
     D:2: 1143 daAuts
     D:8: 1090 daAuts
     D:7: 911 daAuts
   Sewer: 784 daAuts
     D:1: 776 daAuts
     D:6: 743 daAuts
 Ossuary: 259 daAuts
  Temple: 214 daAuts
     D:9: 99 daAuts
